 Dungeon Crawl Stone Soup version 0.28-a0-476-g0f06bd746f (webtiles) character file.

Game seed: 3102415088531194351

3001 Spaninq the Fighter (level 9, -6/92 (97) HPs)
             Began as an Ogre Fighter on Sept 16, 2021.
             Was a Believer of Okawaru.
             Mangled by Grum (8 damage)
             ... on level 8 of the Dungeon.
             The game lasted 00:15:57 (9109 turns).

Spaninq the Fighter (Ogre Fighter)                  Turns: 9109, Time: 00:15:58

HP:   -6/92 (97)    AC:  4    Str: 26    XL:     9   Next: 84%
MP:   0/20          EV: 10    Int:  9    God:    Okawaru [**....]
Gold: 291           SH: 10    Dex: 15    Spells: 8/8 levels left

rFire   . . .      SeeInvis .   q - +1 broad axe
rCold   . . .      Faith    .   c - +0 kite shield
rNeg    . . .      Spirit   +   b - +0 robe
rPois   .          Reflect  .   (helmet restricted)
rElec   .          Harm     .   x - +0 cloak
rCorr   .          Rampage  .   (gloves unavailable)
Will    .....                   (boots unavailable)
Stlth   +.........              g - amulet of guardian spirit
HPRegen 0.25/turn               m - +6 ring of dexterity
MPRegen 0.17/turn               t - ring of magical power

@: brilliant, drained
A: large, unfitting armour, tough skin 1, deterioration 1, strong 1
a: Renounce Religion, Heroism


You were on level 8 of the Dungeon.
You worshipped Okawaru.
Okawaru was pleased with you.
You visited 2 branches of the dungeon, and saw 9 of its levels.

You collected 291 gold pieces.

Inventory:

Hand Weapons
 q - a +1 broad axe (weapon)
Armour
 b - a +0 robe (worn)
 c - a +0 kite shield (worn)
 x - a +0 cloak (worn)
Jewellery
 g - an amulet of guardian spirit (around neck)
 l - a ring of protection from fire
 m - a +6 ring of dexterity (left hand)
 t - a ring of magical power (right hand)
Wands
 a - a wand of paralysis (5)
 e - a wand of digging (2)
 h - a wand of flame (43)
 n - a wand of acid (6)
 p - a wand of iceblast (15)
Scrolls
 s - a scroll of magic mapping
 u - a scroll of fear
Potions
 d - a potion of might
 f - a potion of ambrosia
 i - 2 potions of attraction
 j - 2 potions of curing
 k - 2 potions of resistance
 o - a potion of magic
 w - a potion of haste


   Skills:
 + Level 8.3 Fighting
 * Level 7.6(7.9) Axes
 - Level 2.4(5.0) Maces & Flails
 - Level 2.0 Armour
 - Level 2.6 Dodging
 * Level 7.9 Shields
 + Level 3.3 Invocations


You had 8 spell levels left.
You didn't know any spells.
Your spell library contained the following spells:

 Spells                   Type           Power      Damage    Failure   Level
 Freeze                   Ice            0%         1d3       45%         1
 Magic Dart               Conj           0%         1d3       45%         1
 Frozen Ramparts          Ice            0%         1d2       83%         3
 Mephitic Cloud           Conj/Pois/Air  0%         N/A       83%         3
 Hailstorm                Conj/Ice       0%         3d3       99%         4
 Call Imp                 Summ           Unusable   N/A       N/A         2

Dungeon Overview and Level Annotations

Branches:
Dungeon (8/15)             Temple (1/1) D:6            Lair (0/6) D:8

Altars:
Ashenzari
Cheibriados
Dithmenos
Elyvilon
Fedhas
Gozag
Hepliaklqana
Kikubaaqudgha
Makhleb
Nemelex Xobeh
Okawaru
Ru
Sif Muna
Trog
Uskayaw
Vehumet
Yredelemnul
Zin
The Shining One

Shops:
D:3 ?   D:5 [

Annotations:
D:2 Terence
D:7 3 runed translucent doors, Squid's ghost, novice MiBe
D:8 Grum


Innate Abilities, Weirdness & Mutations

You are too large for most types of armour.
You have tough skin. (AC +1)
Your body sometimes deteriorates upon taking damage.
Your muscles are strong. (Str +2)


Message History

You hit Grum but do no damage. You completely miss the wolf.
The wolf closely misses you. You block Grum's attack. The wolf bites you.
Grum hits you with a -2 glaive! The wolf bites you but does no damage.
You hit Grum.
Grum is lightly wounded.
You barely miss the wolf. You block Grum's attack. The wolf bites you.
Grum hits you with a -2 glaive! The wolf bites you!
You hit Grum but do no damage.
Grum is lightly wounded.
You closely miss the wolf. Grum hits you with a -2 glaive.
You block the wolf's attack. Grum closely misses you. The wolf bites you.
You slice Grum!!
Grum is severely wounded.
You completely miss the wolf. The wolf closely misses you.
You block Grum's attack. You block the wolf's attack. You block Grum's attack.
You barely miss Grum.
Grum is severely wounded.
You miss the wolf. You block the wolf's attack.
Grum hits you but does no damage. The wolf closely misses you.
Grum hits you with a -2 glaive!
* * * LOW HITPOINT WARNING * * *
You slash Grum!
Grum is almost dead.
You hit the wolf.
You kill the wolf!
Okawaru accepts your kill. You block Grum's attack.
You block the wolf's attack. Grum hits you with a -2 glaive!
* * * LOW HITPOINT WARNING * * *
It was a potion of mutation.
You feel extremely strange.
You feel stronger.
You feel yourself wasting away. The wolf bites you but does no damage.
You block Grum's attack. The wolf bites you!
* * * LOW HITPOINT WARNING * * *
It was a potion of brilliance.
You feel clever all of a sudden.
Grum is momentarily distracted by a flea in his coat.
You block Grum's attack. You block the wolf's attack.
Grum hits you with a -2 glaive!
You die...

########).............
##.(....#))...##.#.....
###....##(#..)#.##.......
#................))..)..[
#.........##.##.##....###
#.........##.##.##....#
#.....................#
#........##.#........#
#######@.##..........#
#...o.hg...........<..
#.#.###################
#>o.....g.h.
#........######
#........# #....:...#
#........# #.....{..#


You could see Grum (fast), a wolf and an orc.

Vanquished Creatures
  Pikel (D:5)
  3 water moccasins
  A hornet zombie (D:7)
  An orc warrior (D:6)
  A sky beast (D:7)
  3 ogres
  2 ice beasts
  A necrophage (D:6)
  A wolf (D:8)
  A centaur (D:8)
  2 phantoms
  2 bullfrogs
  A scorpion (D:4)
  A wyvern skeleton (D:6)
  A water moccasin skeleton (D:5)
  5 wights
  A hound (D:5)
  A bullfrog skeleton (D:6)
  2 centaur skeletons (D:7)
  2 orc priests
  3 iguanas
  Ijyb (D:5)
  6 orc wizards
  A killer bee zombie (D:5)
  3 gnolls (D:7)
  4 adders
  A shadow imp (D:7)
  A white imp (D:5)
  3 ufetubi
  A dart slug (D:1)
  18 orcs
  2 ball pythons
  5 endoplasms
  3 giant cockroaches
  3 goblins
  2 hobgoblins (D:3)
  7 kobolds
  2 quokkas (D:1)
  A bat (D:1)
  2 frilled lizards (D:1)
  8 rats
110 creatures vanquished.

Notes
Turn   | Place    | Note
-------+----------+-------------------------------------------
     0 | D:1      | Spaninq the Ogre Fighter began the quest for the Orb.
     0 | D:1      | Reached XP level 1. HP: 24/24 MP: 1/1
    42 | D:1      | Found a faded altar of an unknown god.
   180 | D:1      | Reached XP level 2. HP: 32/32 MP: 2/2
  1039 | D:2      | Reached XP level 3. HP: 39/39 MP: 3/3
  1129 | D:2      | Noticed Terence
  2093 | D:3      | Found a hazy altar of Hepliaklqana.
  2403 | D:3      | Found Uteyc's Magic Scroll Emporium.
  2717 | D:4      | Noticed an ogre
  2938 | D:4      | Reached skill level 1 in Armour
  2938 | D:4      | Reached XP level 4. HP: 31/49 MP: 2/4
  3114 | D:4      | Noticed a phantom
  3149 | D:4      | Killed a phantom
  3150 | D:4      | Reached skill level 1 in Axes
  3150 | D:4      | Reached XP level 5. HP: 29/55 MP: 3/5
  3625 | D:4      | Reached skill level 5 in Fighting
  3748 | D:4      | Reached XP level 6. HP: 22/66 MP: 6/6
  4208 | D:5      | Entered Level 5 of the Dungeon
  4231 | D:5      | Noticed Ijyb
  4246 | D:5      | Killed Ijyb
  4428 | D:5      | Reached XP level 7. HP: 72/72 MP: 7/7
  4459 | D:5      | Noticed Pikel
  4487 | D:5      | Killed Pikel
  4488 | D:5      | Reached skill level 6 in Fighting
  4488 | D:5      | Reached skill level 5 in Shields
  4488 | D:5      | Reached XP level 8. HP: 41/84 MP: 8/8
  4679 | D:5      | Found Jusaeg's Antique Armour Emporium.
  4716 | D:5      | Reached skill level 5 in Axes
  5558 | D:6      | Found an ancient bone altar of Kikubaaqudgha.
  5558 | D:6      | Found a shadowy altar of Dithmenos.
  5563 | D:6      | Found a white marble altar of Elyvilon.
  5563 | D:6      | Found a snail-covered altar of Cheibriados.
  5599 | D:6      | Found a bloodstained altar of Trog.
  5610 | D:6      | Found a burning altar of Makhleb.
  5611 | D:6      | Found an iron altar of Okawaru.
  5619 | D:6      | Became a worshipper of Warmaster Okawaru
  5631 | D:6      | Reached skill level 7 in Fighting
  5878 | D:6      | Found a staircase to the Ecumenical Temple.
  5896 | Temple   | Entered the Ecumenical Temple
  6208 | D:6      | Reached skill level 1 in Invocations
  6352 | D:6      | Reached XP level 9. HP: 72/93 MP: 9/9
  6936 | D:6      | Reached * piety under Okawaru
  7728 | D:7      | Found a runed translucent gate.
  7728 | D:7      | Found a runed translucent gate.
  7732 | D:7      | Found a runed translucent gate.
  7932 | D:6      | Reached skill level 8 in Fighting
  8608 | D:7      | Found a basalt altar of Yredelemnul.
  8608 | D:7      | Found a hide-covered altar of Uskayaw.
  8736 | D:7      | Noticed Squid's ghost (novice MiBe)
  8781 | D:8      | Noticed a death yak
  8781 | D:8      | Found a staircase to the Lair.
  9026 | D:8      | Reached ** piety under Okawaru
  9091 | D:8      | Noticed Grum
  9108 | D:8      | Gained mutation: Your muscles are strong. (Str +2) [potion
                  | of mutation]
  9108 | D:8      | Gained mutation: Your body sometimes deteriorates upon
                  | taking damage. [potion of mutation]
  9108 | D:8      | HP: 2/92 [wolf[Grum] (8)]
  9109 | D:8      | Mangled by Grum

Illustrated notes

Levels and vault maps discovered:
D:1:      elethiomel_arrival_quiet, layout_rooms,
          dreamdust_ecumenical_altar_hidden_monk_grotto, hangedman_decor_lopped,
          minmay_close_crescents
D:2:      layout_basic, uniq_terence
D:3:      layout_basic, mainiacjoe_overflow_six_doors_small, serial_shops, shop
D:4:      layout_basic
D:5:      layout_basic, nicolae_stop_n_shop_2, uniq_pikel, uniq_ijyb
D:6:      layout_basic, grunt_temple_overflow_open,
          minmay_temple_entry_gardened_gates
D:7:      layout_cave_pools, gammafunk_temple_overflow_pools,
          gammafunk_ghost_necromancy
D:8:      layout_basic, mainiacjoe_overflow_tiny_flanked, dpeg_lair_monsters,
          hangedman_abyss_or_decor_lesser_grid, uniq_grum
Temple:   nicolae_temple_figure_zero

Skill      XL: |  1  2  3  4  5  6  7  8  9 |
---------------+----------------------------+-----
Maces & Flails | 2 |  2.4
Shields        | 3 4 5 6 7 |  7.9
Armour         | 1 2 |  2.0
Axes           | 1 2 3 4 6 7 |  7.6
Fighting       | 5 6 7 8 |  8.3
Invocations    | 1 3 |  3.3
Dodging        | |  2.6

Action                   |  1- 3 |  4- 6 |  7- 9 || total
-------------------------+-------+-------+-------++-------
Melee: Flail             |   110 |       |       ||   110
       Broad axe         |     6 |    76 |   272 ||   354
Evoke: Wand              |       |       |     1 ||     1
  Use: Scroll            |       |     9 |     4 ||    13
       Potion            |       |       |     2 ||     2
 Stab: Sleeping          |     1 |       |       ||     1
Armor: Robe              |    31 |    15 |    52 ||    98
Dodge: Dodged            |    45 |    24 |   115 ||   184
Block: Kite shield       |    52 |    46 |   175 ||   273

Table legend: (Time is in decaauts)
 A = Elapsed time spent in this place.
 B = Non-inter-level travel time spent in this place.
 C = Inter-level travel time spent in this place.
 D = Time resting spent in this place.
 E = Time spent auto-exploring this place.
 F = Levels seen in this place.
 G = Mean time per level.
                   A        B        C        D        E       F      G
               +--------+--------+--------+--------+--------+-----+--------+
         Total |   9323 |   8878 |    445 |   1923 |   5348 |   9 | 1035.9 |
       Dungeon |   9189 |   8753 |    436 |   1923 |   5226 |   8 | 1148.6 |
        Temple |    133 |    124 |      9 |      0 |    122 |   1 |  133.0 |
               +--------+--------+--------+--------+--------+-----+--------+

Top non-repeatable levels by time:
     D:6: 2100 daAuts
     D:4: 1429 daAuts
     D:5: 1287 daAuts
     D:7: 1177 daAuts
     D:1: 1035 daAuts
     D:3: 936 daAuts
     D:2: 910 daAuts
     D:8: 314 daAuts
  Temple: 133 daAuts
